AoeStats
← Miklós Zrínyi VII.

Scandinavia

510575942Analyzed
1v1 RM · 2d ago on Oct 1, 2026· 64m 11s· 2 players
Game mode
Random Map
Map size
Tiny (2 player)
Population
200
Speed
Normal
Resources
Standard
Victory
Conquest
Starting age
Dark Age
Ending age
Imperial Age
RankedLock teamsTeams togetherTeam positionsShared explorationLock speedFull tech treeHidden civsTurbo modeCheats
Victory
Defeat
🇺🇸 Spanish · United States
597
+15
🇩🇪 Magyars · Germany
577
-15
Miklós Zrínyi VII.
12:37 Feudal Age
10:54 Loom
14:43 Double-Bit Axe
19:24 Castle Age
17:49 Fletching
28:09 Horse Collar
29:55 Heavy Plow
30:47 Bodkin Arrow
30:53 Padded Archer Armor
32:00 Bow Saw
32:59 Leather Archer Armor
32:38 Heated Shot
36:06 Imperial Age
34:29 Wheelbarrow
35:17 Thumb Ring
34:48 Pikeman
35:16 Arson
36:11 Scale Mail Armor
36:50 Recurve Bow
39:39 Conscription
41:40 Parthian Tactics
41:12 Heavy Cavalry Archer
50:12 Halberdier
56:58 Bracer
57:29 Ring Archer Armor
57:14 Chain Mail Armor
58:03 Chemistry
57:24 Ballistics
NOMERCY4364
10:03 Feudal Age
10:34 Double-Bit Axe
10:31 Horse Collar
11:29 Wheelbarrow
17:31 Stone Mining
22:00 Castle Age
21:37 Gold Mining
23:33 Bow Saw
24:02 Stone Shaft Mining
24:24 Heavy Plow
29:04 Fletching
30:11 Bloodlines
30:02 Husbandry
31:08 Murder Holes
32:40 Fervor
36:20 Imperial Age
36:36 Ballistics
37:27 Conscription
37:39 Conscription
38:51 Chemistry
38:11 Bodkin Arrow
37:44 Cavalier
40:26 Two-Man Saw
39:46 Arrowslits
47:34 Hoardings
47:31 Pikeman
48:12 Squires
51:16 Halberdier
52:22 Hand Cart
54:13 Bracer
54:28 Masonry
55:39 Paladin
55:41 Light Cavalry
57:56 Architecture
57:43 Hussar
Connection lost

Rejoining the realm…

Still unreachable

The connection could not be restored.

Session expired

The server has moved on; the page needs a fresh start.